 Dungeon Crawl Stone Soup version 0.31-a0-728-g01b46875f1 (webtiles) character file.

Game seed: 12732285676606422291

265 Newt the Shooter (level 6, -3/40 HPs)
             Began as a Kobold Hunter on Sept 11, 2023.
             Slain by an acid dragon (5 damage)
             ... on level 4 of the Dungeon.
             The game lasted 00:02:38 (3419 turns).

Newt the Shooter (Kobold Hunter)                    Turns: 3419, Time: 00:02:39

Health: -3/40      AC: -1    Str:  8    XL:     6   Next: 44%
Magic:  6/6        EV: 14    Int: 10    God:
Gold:   159        SH:  0    Dex: 21    Spells: 5/5 levels left

rFire   . . .        a - +4 shortbow (freeze)
rCold   . . .        (shield currently unavailable)
rNeg    . . .        c - +0 leather armour
rPois   .            (no helmet)
rElec   .            (no cloak)
rCorr   .            (no gloves)
SInv    .            (no boots)
Will    .....        (no amulet)
Stlth   +++          (no ring)
HPRegen 0.26/turn    (no ring)
MPRegen 0.10/turn

%: no passive effects
@: corroded
A: small, no large weapons, nightstalker 3
a: no special abilities


You were on level 4 of the Dungeon.
You visited 1 branch of the dungeon, and saw 4 of its levels.
You also visited: Sewer.

You collected 159 gold pieces.

Inventory:

Hand Weapons
 a - a +4 shortbow of freezing (weapon)
Armour
 c - a +0 leather armour (worn)
Talismans
 g - a beast talisman
Scrolls
 b - a scroll of butterflies
 f - a scroll of torment
 l - a scroll of teleportation
Potions
 d - 2 potions of mutation
 e - a potion of ambrosia {unknown}
 h - a potion of brilliance {unknown}
 i - a potion of degeneration {unknown}
 j - a potion of cancellation {unknown}
 k - 2 potions of haste {unknown}
 m - a potion of invisibility {unknown}


   Skills:
 - Level 5.0 Fighting
 + Level 7.9 Ranged Weapons
 - Level 2.4 Dodging
 - Level 1.3 Stealth


You had 5 spell levels left.
You didn't know any spells.
Your spell library was empty.

Dungeon Overview and Level Annotations

Branches:
Dungeon (4/15)              Sewer (visited)
 Temple: D:4-7

Altars:
Qazlal

Shops:
D:1 [


Innate Abilities, Weirdness & Mutations

You are small and have problems with some larger weapons.
You are completely attuned to the shadows.


Message History

An acid dragon comes into view.
The acid dragon roars!
An acid dragon is nearby!
You shoot an arrow.
The arrow barely misses the acid dragon.
You shoot an arrow. The arrow hits the acid dragon.
The arrow freezes the acid dragon.
The acid dragon is lightly wounded.
You shoot an arrow. The arrow hits the acid dragon.
The arrow freezes the acid dragon.
The acid dragon is heavily wounded.
The acid dragon bites you! The acid dragon completely misses you.
You shoot an arrow.
The arrow completely misses the acid dragon.
The acid dragon misses you. The acid dragon closely misses you.
You shoot an arrow. The arrow hits the acid dragon.
The arrow freezes the acid dragon.
The acid dragon is severely wounded.
The acid dragon spits acid at you. The splash of acid hits you!!
Ouch! That really hurt!
* * * LOW HITPOINT WARNING * * *
The acid corrodes you!
Okay, then.
Okay, then.
Okay, then.
Okay, then.
You shoot an arrow.
The arrow closely misses the acid dragon.
The acid dragon closely misses you. x2
You shoot an arrow. The arrow hits the acid dragon.
The arrow freezes the acid dragon.
The acid dragon is severely wounded.
The acid dragon closely misses you. The acid dragon barely misses you.
Unknown command.
You shoot an arrow. The arrow hits the acid dragon.
The arrow freezes the acid dragon.
The acid dragon is almost dead.
The acid dragon barely misses you. The acid dragon claws you.
You die...

#...............#
#.#############.###
#.# #...# #.####
###.# ...... ..#.#
#.#### #.#.# ..#
#.#.# ..#
###.#.##### ...
...D@...... #.
....#.##### #
......# # ....... #
.....### ..# ...
###


You could see an acid dragon (catching breath).

Vanquished Creatures
  A scorpion (D:4)
  An orc wizard (D:3)
  4 adders
  6 river rats (Sewer)
  A dart slug (D:4)
  8 orcs
  4 endoplasms
  4 giant cockroaches
  4 goblins
  7 hobgoblins
  2 jackals (Sewer)
  2 quokkas
  8 ball pythons
  5 bats
  8 frilled lizards
  12 kobolds
  10 rats
87 creatures vanquished.

Notes
Turn   | Place    | Note
-------+----------+-------------------------------------------
     0 | D:1      | Newt the Kobold Hunter began the quest for the Orb.
     0 | D:1      | Reached XP level 1. HP: 12/12 MP: 1/1
   197 | D:1      | Reached XP level 2. HP: 18/18 MP: 2/2
   466 | D:1      | Found Atta Lai's Armour Emporium.
   659 | D:1      | Reached XP level 3. HP: 23/23 MP: 3/3
  1129 | D:2      | Found a stormy altar of Qazlal.
  1652 | D:3      | Reached XP level 4. HP: 30/30 MP: 4/4
  1666 | D:3      | Reached skill level 5 in Fighting
  2490 | D:4      | Found a glowing drain.
  2496 | Sewer    | Entered a sewer
  2531 | Sewer    | Reached XP level 5. HP: 35/35 MP: 5/5
  2589 | Sewer    | Reached skill level 6 in Ranged Weapons
  2901 | Sewer    | Reached skill level 7 in Ranged Weapons
  2901 | Sewer    | Reached XP level 6. HP: 40/40 MP: 6/6
  3411 | D:4      | Noticed an acid dragon
  3416 | D:4      | HP: 1/40 [acid dragon/splash of acid (27)]
  3419 | D:4      | Slain by an acid dragon

Illustrated notes

Levels and vault maps discovered:
D:1:      dpeg_arrival_boxorama, layout_loops_corners, serial_shops,
          nicolae_shop_rolling_square
D:2:      layout_loops_ring, basic_altar
D:3:      layout_basic
D:4:      layout_basic, portal_sewer_entry_b, serial_bayou_lagoon_a

Skill      XL: |  1  2  3  4  5 |
---------------+----------------+-----
Fighting       | 3 4 5 |  5.0
Ranged Weapons | 7 |  7.9
Dodging        | |  2.4
Stealth        | |  1.3

Action                     |  1- 3 |  4- 6 || total
---------------------------+-------+-------++-------
   Fire: Shortbow          |    72 |   121 ||   193
    Use: Scroll            |     5 |     5 ||    10
 Armour: Leather armour    |    11 |    20 ||    31
  Dodge: Dodged            |    18 |    24 ||    42

Table legend: (Time is in decaauts)
 A = Elapsed time spent in this place.
 B = Non-inter-level travel time spent in this place.
 C = Inter-level travel time spent in this place.
 D = Time resting spent in this place.
 E = Time spent auto-exploring this place.
 F = Levels seen in this place.
 G = Mean time per level.
                   A        B        C        D        E       F      G
               +--------+--------+--------+--------+--------+-----+--------+
         Total |   3597 |   3545 |     52 |    158 |   2972 |   5 |  719.4 |
       Dungeon |   2891 |   2839 |     52 |    158 |   2387 |   4 |  722.8 |
         Sewer |    705 |    705 |      0 |      0 |    584 |   1 |  705.0 |
               +--------+--------+--------+--------+--------+-----+--------+

Top non-repeatable levels by time:
     D:1: 1001 daAuts
     D:3: 836 daAuts
   Sewer: 705 daAuts
     D:2: 608 daAuts
     D:4: 445 daAuts
